 Dungeon Crawl Stone Soup version 0.27.1-1-g398f81649c (webtiles) character file.

Game seed: 12716593034320284146

9 pokedragonboy the Ruffian (level 2, 0/25 HPs)
             Began as a Naga Transmuter on Sept 11, 2021.
             Succumbed to an adder's poison
             ... on level 2 of the Dungeon.
             The game lasted 00:03:33 (1394 turns).

pokedragonboy the Ruffian (Naga Transmuter)         Turns: 1394, Time: 00:03:33

Health: 0/25       AC:  1    Str: 12    XL:     2   Next: 16%
Magic:  2/5        EV:  9    Int: 13    God:
Gold:   31         SH:  0    Dex: 11    Spells: 2/5 levels left

rFire    . . .     SeeInvis +   f - +0 club
rCold    . . .     Faith    .   (no shield)
rNeg     . . .     Spirit   .   a - +0 robe
rPois    +         Reflect  .   (helmet currently unavailable)
rElec    .         Harm     .   (no cloak)
rCorr    .         Rampage  .   (no gloves)
Will     .....                  (no barding)
Stlth    +.........             (no amulet)
HPRegen  0.08/turn              (no ring)
MPRegen  0.09/turn              (no ring)

@: lethally poisoned (0 -> -4), appendages (expiring), wereblooded, very slow
A: horns 2, AC +0, large, see invisible, deformed body, poison resistance,
slowness 2, spit poison 1, naga tail 1
a: Spit Poison, End Transformation


You were on level 2 of the Dungeon.
You had temporarily grown beastly horns.
You visited 1 branch of the dungeon, and saw 2 of its levels.

You collected 31 gold pieces.

Inventory:

Hand Weapons
 f - a +0 club (weapon)
Armour
 a - a +0 robe (worn)
Scrolls
 b - a scroll of enchant armour {unknown}
 c - a scroll of identify {unknown}
 d - a scroll of noise {unknown}
 e - a scroll of vulnerability {unknown}


   Skills:
 + Level 1.2 Fighting
 + Level 0.3 Armour
 - Level 1.5 Dodging
 + Level 3.1 Unarmed Combat
 + Level 2.1 Spellcasting
 + Level 2.1 Transmutations


You had 2 spell levels left.
You knew the following spells:

 Your Spells              Type           Power      Damage    Failure   Level
a - Beastly Appendage     Tmut           14%        N/A       11%         1
b - Wereblood             Tmut           7%         N/A       16%         2

Your spell library contained the following spells:

 Spells                   Type           Power      Damage    Failure   Level
 Spider Form              Tmut/Pois      2%         N/A       43%         3
 Ice Form                 Ice/Tmut       4%         N/A       85%         4
 Freezing Cloud           Conj/Ice/Air   0%         6-21      100%        5
 Simulacrum               Ice/Necr       0%         N/A       100%        6
 Polar Vortex             Ice            0%         N/A       100%        9


Dungeon Overview and Level Annotations

Branches:
Dungeon (2/15)

Altars:


Innate Abilities, Weirdness & Mutations

You have temporarily grown beastly horns.
Your serpentine skin is tough. (AC +0)
You have supernaturally acute eyesight. (SInv)
Armour fits poorly on your strangely shaped body.
Your system is resistant to poisons. (rPois)
You cover ground very slowly.
You can spit poison.
You have a snake-like lower body.


Message History

An adder comes into view.
The adder hisses angrily.
You hear a shout!
A goblin comes into view. It is wielding a +0 club.
The endoplasm hits you.
Casting: Beastly Appendage (safe; 11% risk of failure)
Confirm with . or Enter, or press ? or * to list all spells.
You grow a pair of large bovine horns.
Your transformation is almost over.
The endoplasm closely misses you.
Casting: Beastly Appendage (safe; 11% risk of failure)
Confirm with . or Enter, or press ? or * to list all spells.
Your blood is infused with primal strength.
The endoplasm jiggles.
The endoplasm hits you.
You hit the endoplasm.
The endoplasm is lightly wounded.
The endoplasm hits you.
You hit the endoplasm but do no damage.
The endoplasm is lightly wounded.
The endoplasm freezes you.
You are frozen.
The worm barely misses you.
You hit the endoplasm. You punch the endoplasm.
You feel a bit better.
You kill the endoplasm!
An adder comes into view.
The adder barely misses you.
You closely miss the adder.
The adder hisses angrily.
You headbutt the adder.
The adder is moderately wounded.
The adder closely misses you. The worm bites you.
You miss the adder.
The adder is moderately wounded.
The adder bites you. x2
You are poisoned.
The adder poisons you! The worm bites you!
* * * LOW HITPOINT WARNING * * *
You aren't carrying any potions.
You closely miss the adder.
The adder is moderately wounded.
You die...

#### ... # #..
####.#
####..##...
.........##.#.#.
#<@Sg.....
#.....wS.#...
.....##.#####
#### #.# #.# #.#
..# ..#


You could see a worm, 2 adders and a goblin.

Vanquished Creatures
  A ball python (D:1)
  2 endoplasms
  A goblin (D:1)
  A quokka (D:1)
  A bat (D:1)
  A frilled lizard (D:1)
  A kobold (D:1)
  A rat (D:1)
9 creatures vanquished.

Notes
Turn   | Place    | Note
-------+----------+-------------------------------------------
     0 | D:1      | pokedragonboy the Naga Transmuter began the quest for the
                  | Orb.
     0 | D:1      | Reached XP level 1. HP: 18/18 MP: 3/3
   849 | D:1      | Reached XP level 2. HP: 15/25 MP: 3/5
  1384 | D:1      | Learned a level 2 spell: Wereblood
  1393 | D:2      | HP: 1/25 [worm (11)]
  1394 | D:2      | Succumbed to an adder's poison

Illustrated notes

Levels and vault maps discovered:
D:1:      tarquinn_simple_flora_water_e, layout_loops_corners,
          minmay_misc_feat_iff, minivault_24
D:2:      layout_loops_cross, ebering_ecumenical_altar_box

Action                   || total
-------------------------++-------
Melee: Unarmed           ||    19
       Headbutt          ||     2
       Punch             ||     2
       Club              ||    12
 Cast: Beastly Appendage ||    12
       Wereblood         ||     1
 Abil: Spit Poison       ||     1
Armor: Robe              ||     3
Dodge: Dodged            ||    16
